[Event "Polonia Wroclaw Masters Cup-IM"]
[Site "Wroclaw"]
[Date "2019.04.28"]
[Round "1.1"]
[White "Czopor, Maciej"]
[Black "Krzywda, Andrzej"]
[Result "1/2-1/2"]
[ECO "B81"]
[WhiteElo "2229"]
[BlackElo "2195"]
[Annotator "NA"]
[PlyCount "77"]
[EventDate "2019.04.28"]
[EventType "tourn"]
[EventCountry "POL"]
[SourceTitle "playchess.com"]
[Source "ChessBase"]
[SourceQuality "1"]
[TimeControl "40/5400+30:900+30"]

1. e4 c5 2. Nf3 e6 3. d4 cxd4 4. Nxd4 Nf6 5. Nc3 d6 6. g4 h6 7. g5 hxg5 8. Bxg5 Nc6 9. Qd2 Qb6 10. Nb3 a6 11. O-O-O Bd7 12. h4 Be7 13. f4 {[%emt 0:03:42] B81: Sicilian Scheveningen: Keres Attack} (13. Be2 Qc7 14. h5 O-O-O 15. Kb1 Kb8 16. Be3 Bc8 17. f4 b5 18. Bf3 Bb7 19. Rhg1 Bf8 20. Qf2 Nd7 21. Be2 {1-0 (50) Aravindh,C (2543)-Arjun,K (2292) Bhubaneswar 2016}) 13... O-O-O 14. Be2 Kb8 15. h5 Bc8 16. Bf3 Na5 17. Qe2 $146 ({Predecessor:} 17. Nxa5 Qxa5 18. Qe3 Bd7 19. Bh4 Bc6 20. Bf2 {½-½ (35) Browne,W-Hutchings,S Nice 1974}) 17... Nxb3+ 18. axb3 Ng8 19. Rhg1 Bf6 20. Rg2 Nh6 21. Rd3 Rhe8 22. Qd1 Qc5 $16 23. Kb1 b5 24. Bxf6 gxf6 25. Rgd2 Rg8 26. Ne2 Bb7 27. Rxd6 Rxd6 28. Rxd6 f5 29. Rd8+ Rxd8 30. Qxd8+ Ka7 31. Qd3 fxe4 32. Bxe4 Bxe4 33. Qxe4 Qxh5 34. Qd4+ Kb7 35. Qd7+ Kb6 36. Qd8+ Kb7 37. Qd7+ Kb6 38. Qd6+ Kb7 39. Qd7+ 1/2-1/2

[Event "Polonia Wroclaw Masters Cup-IM"]
[Site "Wroclaw"]
[Date "2019.04.28"]
[Round "1.4"]
[White "Baum, Jonasz"]
[Black "Praczukowski, Stanislaw"]
[Result "1-0"]
[ECO "D30"]
[WhiteElo "2290"]
[BlackElo "2190"]
[Annotator "NA"]
[PlyCount "85"]
[EventDate "2019.04.28"]
[EventType "tourn"]
[EventCountry "POL"]
[SourceTitle "playchess.com"]
[Source "ChessBase"]
[SourceQuality "1"]
[TimeControl "40/5400+30:900+30"]

1. d4 d5 2. c4 e6 3. Nf3 a6 4. Nbd2 (4. e3 Nf6 5. Nc3 dxc4 6. Bxc4 b5 7. Be2 Bb7 8. O-O Nbd7 9. b3 c5 10. Bb2 Be7 11. Rc1 O-O 12. Qc2 Rc8 13. Qb1 Qb6 14. Rfd1 Rfd8 15. h3 h6 16. dxc5 Nxc5 17. Rxd8+ Rxd8 {0-1 (59) Mamedyarov,S (2817)-Carlsen,M (2835) St Petersburg 2018}) 4... dxc4 5. Nxc4 b5 6. Nce5 {[%emt 0:00:08] D30: Queen's Gambit Declined: Systems without Nc3} Bb7 7. e3 Nf6 8. Bd3 $146 ({Predecessor:} 8. a4 Qd5 9. Bd3 Be7 10. Qe2 b4 11. Bc4 Qe4 12. Nxf7 {1-0 (12) Fischer,M (2224)-Chiaretti,R (2195) Rome 2009}) 8... Bd6 9. O-O O-O 10. Qc2 Bxf3 11. Nxf3 Nbd7 12. e4 e5 13. d5 Nh5 14. g3 Qf6 15. Be2 g6 16. Bh6 Rfe8 17. Be3 Qe7 18. Rac1 Ng7 19. Nh4 Rf8 20. Bd3 Nh5 21. Ng2 Ng7 22. f3 f5 23. Qc6 f4 24. Bf2 fxg3 25. hxg3 Nh5 26. Be2 Kh8 27. a3 Ndf6 28. b4 Ng8 29. g4 Nf4 30. Nxf4 exf4 31. Bd4+ Be5 32. Qc3 Bxd4+ 33. Qxd4+ Qf6 34. Qxf6+ Nxf6 35. Rxc7 Rfe8 36. Kf2 h5 37. gxh5 g5 38. Rf7 Ng8 39. Rf5 Rac8 40. d6 Rcd8 41. Rd1 Re6 42. d7 Re7 $18 43. Rxg5 1-0

[Event "Polonia Wroclaw Masters Cup-IM"]
[Site "Wroclaw"]
[Date "2019.04.28"]
[Round "1.5"]
[White "Mahitosh Dey"]
[Black "Fiedorek, Michal"]
[Result "1/2-1/2"]
[ECO "B56"]
[WhiteElo "2187"]
[BlackElo "2075"]
[Annotator "NA"]
[PlyCount "114"]
[EventDate "2019.04.28"]
[EventType "tourn"]
[EventCountry "POL"]
[SourceTitle "playchess.com"]
[Source "ChessBase"]
[SourceQuality "1"]
[TimeControl "40/5400+30:900+30"]

1. e4 c5 2. Nf3 d6 3. d4 cxd4 4. Nxd4 Nf6 5. Nc3 Nc6 6. f3 e5 7. Nb3 Be7 8. Be3 O-O 9. Be2 a5 10. Nd5 Nxd5 11. exd5 Nb8 12. O-O Bg5 13. Bf2 Nd7 14. Nd2 Qc7 15. Ne4 Bh6 16. c4 b6 17. Qa4 f5 18. Nc3 Ba6 19. Qc6 Rac8 20. Qxc7 Rxc7 21. b3 Nc5 22. Rfd1 g6 23. Rab1 Re8 24. b4 axb4 25. Rxb4 Rb8 26. Rdb1 Bd2 27. Rxb6 Rxb6 28. Rxb6 Bxc3 29. Bxc5 Rxc5 30. Rxa6 Ra5 31. Rxa5 Bxa5 32. Kf2 Kf7 33. Ke3 Ke7 34. g4 f4+ 35. Ke4 Bb6 36. Kd3 Kd7 37. Kc3 Bc5 38. Bd3 Kc7 39. h4 Bf2 40. h5 Be1+ 41. Kc2 gxh5 42. gxh5 h6 43. c5 dxc5 44. Bc4 e4 45. fxe4 Kd6 46. Kb3 Ke5 47. Ka4 Kxe4 48. Kb5 Kd4 49. a4 f3 50. d6 f2 51. d7 Ba5 52. Bf1 Bd8 53. a5 c4 54. Bxc4 Bxa5 55. Bf1 Bd8 56. Kc6 Ke5 57. Kb7 Kd6 1/2-1/2

[Event "Polonia Wroclaw Masters Cup-IM"]
[Site "Wroclaw"]
[Date "2019.04.30"]
[Round "3.3"]
[White "Baum, Jonasz"]
[Black "Martynyuk, Elizaveta"]
[Result "1/2-1/2"]
[ECO "E09"]
[WhiteElo "2290"]
[BlackElo "2141"]
[Annotator "NA"]
[PlyCount "143"]
[EventDate "2019.04.28"]
[EventType "tourn"]
[EventCountry "POL"]
[SourceTitle "playchess.com"]
[Source "ChessBase"]
[SourceQuality "1"]
[TimeControl "40/5400+30:900+30"]

1. d4 d5 2. c4 e6 3. Nf3 Be7 4. g3 Nf6 5. Bg2 O-O 6. O-O Nbd7 7. Nbd2 c6 8. Qc2 Qc7 9. e4 dxe4 10. Nxe4 e5 11. dxe5 Nxe5 12. Nxe5 Qxe5 13. Bf4 Qh5 14. Nxf6+ (14. Bd6 $14 Re8 15. Bxe7 Rxe7 16. Nxf6+ gxf6 17. Rae1 Rxe1 18. Rxe1) 14... Bxf6 $11 15. Rfe1 Bf5 16. Qb3 h6 17. Qxb7 Rad8 18. Qxc6 Bxb2 19. Bf3 Bg4 20. Bxg4 Qxg4 21. Rab1 Bc3 22. Re7 a5 23. Kg2 Bd2 24. Qf3 Qxf3+ 25. Kxf3 Bxf4 26. gxf4 Rd2 27. Re2 Rd3+ 28. Re3 Rd2 29. Rc3 Rxa2 30. c5 Ra4 31. c6 Rb4 32. Rbc1 Rc8 33. c7 Kh7 34. Rd3 Rb7 35. Rd7 a4 36. Rxf7 Kg6 37. Rd7 a3 38. Ke4 a2 39. f5+ Kh7 40. Ra1 Rcxc7 41. Rxc7 Rxc7 42. Rxa2 Kg8 43. h3 Kf7 44. Ra6 Re7+ 45. Kf4 Rb7 46. Kg4 Rb4+ 47. f4 Rb3 48. Rg6 h5+ 49. Kh4 Rf3 50. Ra6 Rxf4+ 51. Kg5 Rf1 52. Ra7+ Kf8 53. h4 Rg1+ 54. Kxh5 Rf1 55. Kg4 Rg1+ 56. Kh3 Rh1+ 57. Kg3 Rg1+ 58. Kf4 Rf1+ 59. Kg4 Rg1+ 60. Kh3 Rh1+ 61. Kg3 Rg1+ 62. Kh2 Rf1 63. Ra5 Kf7 64. Kg2 Rf4 65. Kg3 Rb4 66. Ra6 Rb1 67. Ra3 Kf6 68. Rf3 Rb5 69. Kg4 Rb1 70. Rf2 Rg1+ 71. Kf4 Rh1 72. Kg4 1/2-1/2

[Event "Polonia Wroclaw Masters Cup-IM"]
[Site "Wroclaw"]
[Date "2019.04.30"]
[Round "3.4"]
[White "Mahitosh Dey"]
[Black "Odnorozhenko, Evgenyi"]
[Result "1/2-1/2"]
[ECO "C45"]
[WhiteElo "2187"]
[BlackElo "2275"]
[Annotator "NA"]
[PlyCount "157"]
[EventDate "2019.04.28"]
[EventType "tourn"]
[EventCountry "POL"]
[SourceTitle "playchess.com"]
[Source "ChessBase"]
[SourceQuality "1"]
[TimeControl "40/5400+30:900+30"]

1. e4 e5 2. Nf3 Nc6 3. d4 exd4 4. Nxd4 Bc5 5. Nb3 Bb6 6. Nc3 d6 7. Qe2 Nge7 {[%emt 0:02:16] C45: Scotch Game} 8. Be3 Be6 (8... O-O 9. O-O-O f5 10. f4 fxe4 11. g3 Bxe3+ 12. Qxe3 Nf5 13. Bc4+ Kh8 14. Qe2 e3 15. Rhf1 {1-0 (39) Navara,D (2739)-Laznicka,V (2670) Prague 2019}) 9. O-O-O Qd7 10. f3 O-O-O 11. Bxb6 axb6 12. Nd4 $146 ({Predecessor:} 12. Qe3 Kb8 13. Bb5 Bxb3 14. axb3 Qe6 15. Rhe1 {½-½ (78) Oglaza,O (2310)-Rohit,K (2403) St Petersburg 2018}) 12... Kb8 13. Nxe6 Qxe6 14. Qb5 Qe5 15. Bc4 Qxb5 16. Bxb5 Ne5 17. f4 N5c6 18. Rhe1 Ng6 19. g3 Nce7 20. Bc4 Rhf8 21. h4 c6 22. h5 Nh8 23. g4 f6 24. Ne2 b5 25. Bb3 Nc8 26. Nd4 Rfe8 27. c3 $16 Ka7 28. Be6 Nb6 29. Bb3 Nc8 30. Nf5 Rd7 31. e5 fxe5 32. fxe5 d5 33. e6 Rc7 34. Re2 g6 35. Nd4 gxh5 36. gxh5 Rg7 37. Rf1 Rg5 38. Ref2 Rgg8 39. Re1 Nd6 40. Bc2 Rg5 41. Nf5 Ne4 42. Bxe4 Rxe6 43. Nd4 Re8 44. Nf3 Rxh5 45. Bd3 Rf8 46. Rh2 Rxh2 47. Nxh2 Ng6 48. Bxg6 hxg6 49. Rg1 Rf2 50. Ng4 Rf4 51. Ne5 d4 52. Nxg6 Re4 53. cxd4 Rxd4 54. Ne5 Re4 55. Nd3 b6 56. Re1 Rd4 57. Kc2 b4 58. Re7+ Ka6 59. Re6 Kb5 60. Rf6 c5 61. b3 Re4 62. Nb2 Re2+ 63. Kc1 Re8 64. Nc4 Rb8 65. Kd2 Ka6 66. Kd3 Ka7 67. Ke4 Ka6 68. Kd5 Rb7 69. Rd6 Rb8 70. Kc6 Rc8+ 71. Kd7 Rb8 72. Kc7 Rb7+ 73. Kc8 Ka7 74. Rd7 Rxd7 75. Kxd7 b5 76. Kc6 bxc4 77. bxc4 Ka6 78. Kxc5 Ka5 79. Kd6 1/2-1/2

[Event "Polonia Wroclaw Masters Cup-IM"]
[Site "Wroclaw"]
[Date "2019.04.30"]
[Round "3.5"]
[White "Fiedorek, Michal"]
[Black "Praczukowski, Stanislaw"]
[Result "1/2-1/2"]
[ECO "B13"]
[WhiteElo "2075"]
[BlackElo "2190"]
[Annotator "NA"]
[PlyCount "120"]
[EventDate "2019.04.28"]
[EventType "tourn"]
[EventCountry "POL"]
[SourceTitle "playchess.com"]
[Source "ChessBase"]
[SourceQuality "1"]
[TimeControl "40/5400+30:900+30"]

1. e4 c6 2. d4 d5 3. exd5 cxd5 4. Bd3 Nc6 5. c3 g6 6. Ne2 Bf5 7. Bxf5 gxf5 8. Bf4 e6 9. Nd2 Bd6 10. Nf3 Qc7 11. g3 Nf6 12. Bxd6 Qxd6 13. Qd3 Ne4 14. b4 a5 15. b5 Ne7 16. O-O Rc8 17. Rfc1 Qa3 18. Qe3 h5 19. h4 Ng6 20. Ng5 Nxg5 21. Qxg5 Qe7 22. Qe3 Qf6 23. Nf4 Nxf4 24. Qxf4 Rg8 25. f3 Kf8 26. Kh2 Kg7 27. Rab1 Rc4 28. b6 Rgc8 29. Rb5 Ra4 30. Rb2 Ra3 31. Rbc2 Rc6 32. Qc7 f4 33. Qxb7 fxg3+ 34. Kxg3 e5 35. Qb8 Qf4+ 36. Kh3 Qxf3+ 37. Kh2 Qf4+ 38. Kh1 Rg6 39. Qxe5+ Qxe5 40. dxe5 Rxb6 41. Rd1 Rb5 42. Rg1+ Kf8 43. Rf1 Ra4 44. Rcf2 Rxh4+ 45. Kg2 Rg4+ 46. Kh3 Rb7 47. e6 Rg7 48. Rf5 Re7 49. Re1 Rg6 50. Rxd5 fxe6 51. Rxa5 Rc7 52. Re3 Rb7 53. Rxh5 Rb1 54. Kh2 Rb2+ 55. Kh3 Rxa2 56. Rg3 Rxg3+ 57. Kxg3 Ra3 58. Rc5 Ke7 59. Kf3 Kd6 60. Rc8 Ke5 {Ke4+} 1/2-1/2

[Event "Polonia Wroclaw Masters Cup-IM"]
[Site "Wroclaw"]
[Date "2019.05.01"]
[Round "4.1"]
[White "Krzywda, Andrzej"]
[Black "Praczukowski, Stanislaw"]
[Result "1/2-1/2"]
[ECO "A45"]
[WhiteElo "2195"]
[BlackElo "2190"]
[Annotator "NA"]
[PlyCount "138"]
[EventDate "2019.04.28"]
[EventType "tourn"]
[EventCountry "POL"]
[SourceTitle "playchess.com"]
[Source "ChessBase"]
[SourceQuality "1"]
[TimeControl "40/5400+30:900+30"]

1. d4 Nf6 2. Bg5 c6 3. Bxf6 exf6 4. e3 d5 5. g3 Qb6 6. b3 Bd6 7. Bg2 O-O 8. Ne2 Be6 9. O-O Nd7 10. Nd2 Qa6 11. Re1 f5 12. Bf1 Nf6 $11 13. f3 Qa5 14. a3 Rae8 15. b4 Qd8 16. Nf4 Bc8 17. Bg2 Re7 18. Nb3 Rfe8 19. Qd2 b6 20. Rad1 Ba6 21. Nc1 Bc4 22. Ncd3 Qc7 23. Qf2 c5 24. c3 a5 25. Bf1 axb4 26. axb4 cxb4 27. cxb4 Qd7 28. Ne5 Qc7 29. Nfd3 Nd7 30. Nxd7 Qxd7 31. Qd2 Qb5 32. Rb1 g6 33. Kf2 Ra7 34. Rb2 Rea8 35. Ne5 Bxf1 36. Rxf1 Ra1 37. Nd3 Rxf1+ 38. Kxf1 Ra3 39. Ke2 Kg7 40. Ra2 Bxb4 41. Rb2 Bxd2 42. Rxb5 Ra2 43. Rb2 Rxb2 44. Nxb2 Ba5 45. Nd3 g5 46. Ne5 f6 47. Nc6 Kf7 48. h3 Ke6 49. g4 fxg4 50. hxg4 Kd7 51. Na7 Bb4 52. Kd3 Bd6 53. e4 Bb8 54. Nb5 dxe4+ 55. fxe4 Bh2 56. Nc3 Ke6 57. Nd5 b5 58. Nc3 b4 59. Ne2 Bd6 60. Kc4 h5 61. gxh5 g4 62. h6 Kf7 63. e5 fxe5 64. dxe5 Bf8 65. h7 Kg7 66. Nf4 Kxh7 67. Kd5 b3 68. Nd3 g3 69. Ke4 g2 1/2-1/2

[Event "Polonia Wroclaw Masters Cup-IM"]
[Site "Wroclaw"]
[Date "2019.05.01"]
[Round "4.2"]
[White "Odnorozhenko, Evgenyi"]
[Black "Fiedorek, Michal"]
[Result "0-1"]
[ECO "B31"]
[WhiteElo "2275"]
[BlackElo "2075"]
[Annotator "NA"]
[PlyCount "48"]
[EventDate "2019.04.28"]
[EventType "tourn"]
[EventCountry "POL"]
[SourceTitle "playchess.com"]
[Source "ChessBase"]
[SourceQuality "1"]
[TimeControl "40/5400+30:900+30"]

1. e4 c5 2. Nf3 Nc6 3. Bb5 g6 4. Bxc6 dxc6 5. d3 Bg7 6. Nc3 Nf6 7. h3 Nd7 8. Be3 e5 9. Qd2 h6 {[%emt 0:01:41] B31: Sicilian: 2...Nc6 3 Bb5 g6} 10. O-O b6 11. a3 Qc7 $146 ({Predecessor:} 11... Nf8 12. b4 Ne6 13. bxc5 f5 14. exf5 gxf5 15. Qe1 O-O 16. Rb1 e4 17. dxe4 {0-1 (36) Wang,H (2730)-Carlsen,M (2835) St Petersburg 2018}) 12. b4 f5 13. exf5 gxf5 14. Qe1 O-O 15. bxc5 Ba6 16. cxb6 axb6 17. Bd2 e4 18. Nh4 Qd6 19. Qc1 Qf6 20. g3 exd3 21. cxd3 Nc5 22. Qc2 Bxd3 23. Qa2+ Kh7 24. Rfd1 {[%emt 0:00:27] [#]} f4 $19 0-1

[Event "Polonia Wroclaw Masters Cup-IM"]
[Site "Wroclaw"]
[Date "2019.05.01"]
[Round "4.3"]
[White "Martynyuk, Elizaveta"]
[Black "Mahitosh Dey"]
[Result "1/2-1/2"]
[ECO "C54"]
[WhiteElo "2141"]
[BlackElo "2187"]
[Annotator "NA"]
[PlyCount "109"]
[EventDate "2019.04.28"]
[EventType "tourn"]
[EventCountry "POL"]
[SourceTitle "playchess.com"]
[Source "ChessBase"]
[SourceQuality "1"]
[TimeControl "40/5400+30:900+30"]

1. e4 e5 2. Nf3 Nc6 3. Bc4 Bc5 4. c3 Nf6 5. d3 O-O 6. O-O d6 7. Bb3 h6 8. Nbd2 Be6 9. Nc4 Bb6 10. Be3 Ne7 11. Nh4 Qd7 12. Re1 g5 13. Nf3 Ng6 14. d4 Bxc4 $14 15. Bxc4 Rfe8 16. a4 c6 17. a5 Bc7 18. d5 c5 19. b4 b5 20. axb6 axb6 21. bxc5 bxc5 22. Qb3 Reb8 23. Rxa8 Rxa8 24. Qb7 Qc8 25. Qxc8+ Rxc8 26. h4 g4 27. Nd2 h5 28. Ra1 Nd7 29. Ra7 Nb8 30. g3 Nf8 31. Bb5 Nfd7 32. Kf1 Nb6 33. Ke2 Bd8 34. Rb7 Bc7 35. f3 f6 36. fxg4 hxg4 37. h5 Kh8 38. h6 f5 39. c4 fxe4 40. Nxe4 N8d7 41. Nxd6 Bxd6 42. Bxd7 Rb8 43. Rxb8+ Bxb8 44. Bxg4 Nxc4 45. Bxc5 e4 46. Bf5 Bxg3 47. Bxe4 Bf4 48. Bd4+ Be5 49. Kd3 Nb2+ 50. Kc3 Na4+ 51. Kc4 Nb2+ 52. Kc5 Na4+ 53. Kc4 Nb2+ 54. Kc3 Na4+ 55. Kc4 1/2-1/2

[Event "Polonia Wroclaw Masters Cup-IM"]
[Site "Wroclaw"]
[Date "2019.05.01"]
[Round "4.4"]
[White "Czopor, Maciej"]
[Black "Baum, Jonasz"]
[Result "1/2-1/2"]
[ECO "B12"]
[WhiteElo "2229"]
[BlackElo "2290"]
[Annotator "NA"]
[PlyCount "83"]
[EventDate "2019.04.28"]
[EventType "tourn"]
[EventCountry "POL"]
[SourceTitle "playchess.com"]
[Source "ChessBase"]
[SourceQuality "1"]
[TimeControl "40/5400+30:900+30"]

1. e4 c6 2. d4 d5 3. e5 Bf5 4. Nf3 e6 5. Be2 c5 6. O-O Nc6 7. dxc5 {[%emt 0:03:03] B12: Caro-Kann: Advance Variation} (7. Be3 cxd4 8. Nxd4 Nxd4 9. Qxd4 Ne7 10. Bb5+ Nc6 11. Qa4 Qc8 12. Nd2 a6 13. Bd3 Bxd3 14. cxd3 Qd7 15. Rac1 Nxe5 16. Qd4 {1-0 (55) Nepomniachtchi,I (2757)-Ivanchuk,V (2710) Jerusalem 2018}) 7... Bxc5 8. a3 a6 9. b4 Ba7 $146 ({Predecessor:} 9... Bb6 10. Nbd2 Bc7 11. Bb2 Nge7 12. Re1 Qb8 13. c4 O-O {0-1 (38) Margraf,D (2291)-Lai Hop,D (2142) Bremen 2015}) 10. Bb2 Nge7 11. Nbd2 O-O 12. c4 d4 13. Re1 Ng6 14. Nb3 d3 15. Bf1 Nh4 16. g3 Nxf3+ 17. Qxf3 Nd4 18. Bxd4 Bxd4 19. Rad1 f6 20. Bxd3 fxe5 21. Nxd4 exd4 22. Bxf5 Rxf5 23. Qxb7 e5 24. c5 Rc8 25. Qxa6 Qd7 26. Qc4+ Kh8 27. Qe2 Rcf8 28. Rd2 Rxf2 29. Qxf2 Rxf2 30. Rxf2 h5 31. Rxe5 d3 {[%emt 0:00:07] [#]} 32. c6 $2 ({Stronger than} 32. Rxh5+ Kg8 $11) (32. Re1 $1 $18) 32... Qxc6 33. Rxh5+ Kg8 34. Rc5 Qh6 35. Re5 Qc1+ 36. Rf1 d2 37. Rd5 Qe1 38. Rd3 Qe2 39. Rd8+ Kh7 40. b5 Qe3+ $11 41. Rf2 Qe1+ 42. Rf1 1/2-1/2

[Event "Polonia Wroclaw Masters Cup-IM"]
[Site "Wroclaw"]
[Date "2019.05.01"]
[Round "4.5"]
[White "Frolov, Artur"]
[Black "Stachowiak, Kamil"]
[Result "1/2-1/2"]
[ECO "B40"]
[WhiteElo "2440"]
[BlackElo "2439"]
[Annotator "ChessBase"]
[PlyCount "70"]
[EventDate "2019.04.28"]
[EventType "tourn"]
[EventCountry "POL"]
[SourceTitle "playchess.com"]
[Source "ChessBase"]
[SourceQuality "1"]
[TimeControl "40/5400+30:900+30"]

1. e4 c5 2. Nf3 e6 3. g3 Nc6 4. Bg2 d6 5. O-O Nf6 6. Re1 Be7 7. c3 O-O 8. d4 cxd4 9. cxd4 d5 10. e5 Ne4 11. Nbd2 Nxd2 12. Bxd2 Qb6 13. Bc3 Bd7 14. Qd2 a5 15. h4 a4 16. h5 Na5 17. h6 g6 18. Qf4 Rfc8 19. Rac1 Nc4 20. Rc2 Qd8 21. Rec1 Rc6 22. Bf1 Rac8 23. Bd3 a3 24. b3 Nb2 25. Qd2 Bf8 26. Bxb2 axb2 27. Rxc6 Rxc6 28. Rxc6 Bxc6 29. Qxb2 Bxh6 30. b4 Ba4 31. Qc3 Bf8 32. a3 h5 33. Bc2 Bb5 34. Bd3 Ba4 35. Bc2 Bb5 1/2-1/2

[Event "Polonia Wroclaw Masters Cup-IM"]
[Site "Wroclaw"]
[Date "2019.05.01"]
[Round "5.1"]
[White "Stachowiak, Kamil"]
[Black "Krzywda, Andrzej"]
[Result "1-0"]
[ECO "A15"]
[WhiteElo "2439"]
[BlackElo "2195"]
[Annotator "NA"]
[PlyCount "117"]
[EventDate "2019.04.28"]
[EventType "tourn"]
[EventCountry "POL"]
[SourceTitle "playchess.com"]
[Source "ChessBase"]
[SourceQuality "1"]
[TimeControl "40/5400+30:900+30"]

1. c4 Nf6 2. g3 e6 3. b3 d5 4. Bb2 Be7 5. Bg2 O-O 6. Nf3 b6 7. O-O Bb7 8. e3 dxc4 9. bxc4 c5 10. d4 cxd4 11. exd4 Nc6 12. Nbd2 Rc8 13. Nb3 Qd6 14. Qe2 Rfd8 15. Rfe1 Qb8 16. Rac1 Bb4 17. Red1 Ba6 18. Qe3 Ne7 19. Ne5 Bd6 20. Bh3 Bxe5 21. dxe5 Nd7 22. Ba3 Ng6 23. Bd6 Qa8 24. Bf1 Bb7 25. Be2 Nb8 26. h4 Nc6 27. h5 Nge7 28. g4 h6 29. Kh2 Rd7 30. Bd3 Rcd8 31. c5 Nb4 32. Bb1 Nbd5 33. Qg3 Kh8 34. Rg1 Rg8 35. f4 Qe8 36. Nd4 bxc5 37. Nb3 Rd8 38. Nxc5 Bc8 39. Qf3 Qb5 40. Rg2 a5 41. a4 Qe8 42. Rcg1 Bd7 43. g5 Bc6 44. gxh6 Nf5 45. Bxf5 exf5 46. Rxg7 Nf6 47. Qd3 Rxd6 48. Rxg8+ Nxg8 49. Qxd6 f6 50. Rg6 Bf3 51. Qc7 Ne7 52. exf6 Qf7 53. fxe7 Qa2+ 54. Kh3 Bg4+ 55. Rxg4 fxg4+ 56. Kh4 Qf2+ 57. Kg5 Qe3 58. e8=Q+ Qxe8 59. Qg7# 1-0

[Event "Polonia Wroclaw Masters Cup-IM"]
[Site "Wroclaw"]
[Date "2019.05.01"]
[Round "5.3"]
[White "Mahitosh Dey"]
[Black "Czopor, Maciej"]
[Result "1/2-1/2"]
[ECO "B80"]
[WhiteElo "2187"]
[BlackElo "2229"]
[Annotator "NA"]
[PlyCount "165"]
[EventDate "2019.04.28"]
[EventType "tourn"]
[EventCountry "POL"]
[SourceTitle "playchess.com"]
[Source "ChessBase"]
[SourceQuality "1"]
[TimeControl "40/5400+30:900+30"]

1. e4 c5 2. Nf3 e6 3. d4 cxd4 4. Nxd4 Nf6 5. Nc3 d6 6. Be3 a6 7. Be2 Be7 8. O-O O-O 9. Nb3 Qc7 10. f4 b5 11. Bf3 Bb7 12. Nd2 Nbd7 13. g4 Nb6 14. g5 Nfd7 15. Ne2 Rac8 16. c3 Rfe8 17. h4 Bf8 18. Qe1 Nc4 19. Nxc4 Qxc4 20. Ng3 a5 21. h5 d5 22. e5 b4 23. Be2 Qc6 24. Rc1 bxc3 25. Rxc3 Qa4 26. a3 Rxc3 27. Qxc3 Rc8 28. Qd2 Rc2 29. Bd1 Rxd2 30. Bxa4 Rd3 31. Bf2 Nc5 32. Bc2 Rd2 33. Rc1 Nd3 34. Bxd3 Rxd3 35. Rc7 Rb3 36. Rd7 Rxb2 37. Rd8 Rc2 38. Rb8 Ba6 39. Ra8 Bd3 40. Be1 Rc7 41. Bxa5 Ra7 42. Rxa7 Bc5+ 43. Kg2 Bxa7 44. Bd2 f6 45. gxf6 gxf6 46. exf6 Bb5 47. Bc3 d4 48. Bb4 Bc6+ 49. Kf2 Kf7 50. Ke2 Bb5+ 51. Kf3 d3 52. Ne4 Bc6 53. Ba5 Bc5 54. Bc3 Bxa3 55. Ke3 Bxe4 56. Kxe4 Bc1 57. Kxd3 Bxf4 58. Ke4 Bg5 59. Be5 Bxf6 60. Bf4 Bb2 61. Bg5 Bc3 62. Bf4 Kf6 63. Be3 Be5 64. Bd2 Bg3 65. Bc1 Bh4 66. Bd2 Bg5 67. Bc3+ Ke7 68. Bb4+ Kf7 69. Bc3 Bf6 70. Bd2 Ke7 71. Bf4 Bh4 72. Be5 Kf7 73. Bc3 Bg3 74. Bb2 Ke7 75. Bc3 Bd6 76. Bb2 Bc5 77. Be5 Bf2 78. Bc3 Bh4 79. Bd4 Bf6 80. Be3 Bb2 81. Bg5+ Kd6 82. Bf4+ e5 83. Bxe5+ {[%emt 0:00:09] Kxe5+} 1/2-1/2

[Event "Polonia Wroclaw Masters Cup-IM"]
[Site "Wroclaw"]
[Date "2019.05.01"]
[Round "5.4"]
[White "Fiedorek, Michal"]
[Black "Martynyuk, Elizaveta"]
[Result "1/2-1/2"]
[ECO "B36"]
[WhiteElo "2075"]
[BlackElo "2141"]
[Annotator "NA"]
[PlyCount "136"]
[EventDate "2019.04.28"]
[EventType "tourn"]
[EventCountry "POL"]
[SourceTitle "playchess.com"]
[Source "ChessBase"]
[SourceQuality "1"]
[TimeControl "40/5400+30:900+30"]

1. e4 c5 2. Nf3 Nc6 3. d4 cxd4 4. Nxd4 g6 5. c4 Nf6 6. Nc3 Nxd4 7. Qxd4 d6 8. Be2 Bg7 9. Be3 O-O 10. Qd2 a5 11. Rd1 Be6 12. O-O a4 13. Bd4 Nd7 14. Qe3 Bxd4 15. Rxd4 Qb6 16. f4 Rfc8 17. b3 axb3 18. axb3 Nc5 19. Rd2 Ra3 20. f5 Qxb3 21. fxe6 Qxc3 22. exf7+ Kg7 23. Qxc3+ Rxc3 24. e5 dxe5 25. Rd5 b6 26. Rxe5 Kf8 27. h4 Nd7 28. Re6 Rb8 29. h5 Nf6 30. hxg6 hxg6 31. Rb1 Rc2 32. Bd3 Rc3 33. Bxg6 Rg3 34. Bf5 Rg5 35. Bh3 b5 36. Re3 Kxf7 37. Be6+ Kg7 38. Reb3 b4 39. Rxb4 Rd8 40. Rb7 Nh5 41. Bd5 Re5 42. R7b5 Nf4 43. Bf3 Nd3 44. Rd1 Re3 45. Rb3 Ne5 46. Rxe3 Nxf3+ 47. gxf3 Rxd1+ 48. Kf2 Kf6 49. Ke2 Rd4 50. Re4 Rd7 51. Ke3 Kf5 52. f4 e6 53. Re5+ Kf6 54. c5 Rd1 55. Re4 Kf5 56. Re5+ Kf6 57. Re4 Kf5 58. Re5+ Kf6 59. Ke4 Ke7 60. Rh5 Kd7 61. Rh7+ Kc6 62. Ke5 Re1+ 63. Kf6 Kxc5 64. Rd7 Kc6 65. Rd3 Re4 66. Rd2 Rxf4+ 67. Kxe6 Re4+ 68. Kf5 Re8 {[%emt 0:00:14] Ke4} 1/2-1/2

[Event "Polonia Wroclaw Masters Cup-IM"]
[Site "Wroclaw"]
[Date "2019.05.01"]
[Round "5.5"]
[White "Praczukowski, Stanislaw"]
[Black "Odnorozhenko, Evgenyi"]
[Result "1/2-1/2"]
[ECO "A40"]
[WhiteElo "2190"]
[BlackElo "2275"]
[Annotator "NA"]
[PlyCount "66"]
[EventDate "2019.04.28"]
[EventType "tourn"]
[EventCountry "POL"]
[SourceTitle "playchess.com"]
[Source "ChessBase"]
[SourceQuality "1"]
[TimeControl "40/5400+30:900+30"]

1. d4 Nf6 2. c4 e6 3. g3 Bb4+ 4. Nd2 O-O 5. Bg2 d5 6. Ngf3 b6 7. O-O Bb7 8. cxd5 exd5 9. a3 Bd6 10. Nh4 Re8 11. Nc4 Bf8 12. Ne5 Nbd7 13. Nhf3 c5 14. Bg5 Nxe5 15. dxe5 h6 16. exf6 hxg5 17. fxg7 Bxg7 18. Qd2 g4 19. Nh4 Qf6 20. Rab1 Rad8 21. Rfd1 Ba6 22. e3 d4 23. e4 Bc8 24. Qc2 Bh6 25. b4 cxb4 26. axb4 Bg5 27. Nf5 Bxf5 28. exf5 Re5 29. Be4 Bh6 30. Bd3 Bf8 31. Qd2 Bh6 32. Qc2 Bf8 33. Qd2 Bh6 1/2-1/2

[Event "Polonia Wroclaw Masters Cup-IM"]
[Site "Wroclaw"]
[Date "2019.05.02"]
[Round "6.1"]
[White "Krzywda, Andrzej"]
[Black "Odnorozhenko, Evgenyi"]
[Result "1/2-1/2"]
[ECO "A40"]
[WhiteElo "2195"]
[BlackElo "2275"]
[Annotator "NA"]
[PlyCount "64"]
[EventDate "2019.04.28"]
[EventType "tourn"]
[EventCountry "POL"]
[SourceTitle "playchess.com"]
[Source "ChessBase"]
[SourceQuality "1"]
[TimeControl "40/5400+30:900+30"]

1. d4 e6 2. c4 Nf6 3. g3 Bb4+ 4. Bd2 Qe7 5. Bg2 Nc6 6. Nf3 Bxd2+ 7. Nbxd2 d6 8. O-O a5 9. e4 e5 10. d5 Nb8 11. Ne1 O-O 12. Nd3 Na6 13. f4 Nd7 14. Qe2 Nac5 15. Rae1 Nxd3 16. Qxd3 Nc5 17. Qe3 Bd7 18. Nf3 f6 19. Rf2 a4 20. f5 b5 21. Bf1 bxc4 22. Bxc4 Rab8 23. g4 Rb4 24. b3 axb3 25. axb3 Rfb8 26. Nd2 Bb5 27. Rg2 Bxc4 28. bxc4 Nb3 29. Nf3 Nc5 30. Nd2 Nb3 31. Nf3 Nc5 32. Nd2 Rb2 1/2-1/2